 Dungeon Crawl Stone Soup version 0.31-a0-210-gccc998df9b (webtiles) character file.

Game seed: 17392824029371822971

32 qw the Shooter (level 3, -1/21 HPs)
             Began as a Gargoyle Hexslinger on June 29, 2023.
             Slain by a goblin
             ... wielding a +0 club
             ... led by Robin
              (2 damage)
             ... on level 1 of the Dungeon.
             The game lasted 00:00:18 (721 turns).

qw the Shooter (Gargoyle Hexslinger)                 Turns: 721, Time: 00:00:19

Health: -1/21      AC:  6    Str: 11    XL:     3   Next: 25%
Magic:  4/4        EV: 11    Int: 13    God:
Gold:   66         SH:  0    Dex: 14    Spells: 3/4 levels left

rFire   . . .        Y - +2 sling (flame)
rCold   . . .        (no shield)
rNeg    + . .        j - +0 leather armour
rPois   inf          (no helmet)
rElec   +            (no cloak)
rCorr   .            (no gloves)
SInv    .            (no boots)
Will    .....        (no amulet)
Stlth   +            (no ring)
HPRegen 0.23/turn    (no ring)
MPRegen 0.09/turn

%: no passive effects
@: no status effects
A: sickness immunity, AC +3, negative energy resistance 1, electricity
resistance, torment resistance 1, petrification resistance
a: no special abilities


You were on level 1 of the Dungeon.
You visited 1 branch of the dungeon, and saw 2 of its levels.

You collected 66 gold pieces.


Innate Abilities, Weirdness & Mutations

You are immune to sickness and miasma.
Your stone body is resilient. (AC +3)
You are immune to poison.
You resist negative energy. (rN+)
You are resistant to electric shocks. (rElec)
You are resistant to unholy torment.
You are immune to petrification.


   Skills:
 - Level 2.0 Fighting
 + Level 3.2 Ranged Weapons
 - Level 1.5 Dodging
 - Level 1.0 Spellcasting
 - Level 2.6 Hexes


You had 3 spell levels left.
You knew the following spells:

 Your Spells              Type           Power      Damage    Failure   Level
a - Slow                  Hex            28%        N/A       12%         1

Your spell library contained the following spells:

 Spells                   Type           Power      Damage    Failure   Level
 Inner Flame              Hex/Fire       4%         N/A       54%         3
 Portal Projectile        Hex/Tloc       8%         N/A       54%         3
 Cause Fear               Hex            3%         N/A       77%         4

Inventory:

Hand Weapons
 Y - a +2 sling of flaming (weapon)
Armour
 j - a +0 leather armour (worn)
Potions
 g - a potion of magic {unknown}

Dungeon Overview and Level Annotations

Branches:
Dungeon (2/15)

Altars:

Annotations:
D:2 Robin


Message History

You shoot a sling bullet. The sling bullet hits the adder.
The sling bullet burns the adder.
The adder is severely wounded.
The adder bites you but does no damage.
Robin says, "A pitiful Gargoyle like you will never find the ORB!"
The adder bites you. The goblin barely misses you.
The goblin closely misses you.
A hobgoblin comes into view. x2
The goblin hits you with a +0 club.
715 ||| STAIRDANCE The adder barely misses you.
Robin throws the goblin at you! The goblin closely misses you.
The goblin hits you with a +0 club.
The goblin hits you but does no damage. x2; The adder barely misses you.
You climb upwards.
There is a stone staircase leading down here.
You shoot a sling bullet.
The sling bullet completely misses the adder.
The goblin hits you but does no damage. The goblin barely misses you.
The goblin hits you with a +0 dagger. The adder bites you but does no damage.
You shoot a sling bullet.
The sling bullet barely misses the adder.
The adder barely misses you. The goblin closely misses you.
The goblin barely misses you. x2; The adder bites you.
You shoot a sling bullet.
The sling bullet closely misses the adder.
The goblin barely misses you. The goblin hits you with a +0 club.
The goblin hits you but does no damage. The adder bites you but does no damage.
The goblin hits you with a +0 club. The goblin misses you.
The goblin hits you with a +0 club. The adder bites you but does no damage.
You shoot a sling bullet.
The sling bullet closely misses the adder.
The adder completely misses you.
The goblin hits you but does no damage. x2
The goblin completely misses you.
You shoot a sling bullet.
The sling bullet barely misses the adder.
The adder bites you but does no damage. The goblin barely misses you.
The goblin misses you. The goblin hits you but does no damage.
The adder bites you but does no damage. The goblin hits you with a +0 dagger.
The goblin hits you with a +0 club.
You die...

#..#...#.#.#.#.......).....## #
#....)......###..#######.#.# #
##..#...#...# #..# #...# #
#..##..##.## #..# ##..#
#.........# #..# #..#
##.###.##.# #..# #..#
#.###.##.# #..########..#
#.##..##.####.gg.........#
#.##.##......g@#########.######
#.##.##.######S# #.............
#.##.##.# #.# #.#.##########
#.##.##.# #.# #%#.# #.##.##.#
#.# #.#.# #.##.##.######.#
#.#.# #..............# #.#.#
####...........###.#.##
####.####....).....#


You could see an adder and 3 goblins.

Vanquished Creatures
  A bat (D:1)
  8 endoplasms (D:1)
  6 goblins (D:1)
  3 hobgoblins
  6 kobolds (D:1)
  2 frilled lizards (D:1)
  A rat (D:1)
27 creatures vanquished.

Notes
Turn   | Place    | Note
-------+----------+-------------------------------------------
     0 | D:1      | qw the Gargoyle Hexslinger began the quest for the Orb.
     0 | D:1      | Reached XP level 1. HP: 12/12 MP: 2/2
     0 | D:1      | 0 ||| qw: Version: 0.3-a-24-ga2abf7b
     0 | D:1      | 0 ||| qw: Game counter: 6894
     0 | D:1      | 0 ||| qw: Melee chars always use a shield: true
     0 | D:1      | 0 ||| qw: God list: Okawaru
     0 | D:1      | 0 ||| qw: Allow faded altars: false
     0 | D:1      | 0 ||| qw: Do Orc after clearing Dungeon:15 true
     0 | D:1      | 0 ||| qw: Do second Lair branch before Depths: true
     0 | D:1      | 0 ||| qw: Lair rune preference: random
     0 | D:1      | 0 ||| qw: Goals: Normal
     0 | D:1      | 0 ||| PLANNING D:1-11
    79 | D:1      | Reached XP level 2. HP: 16/16 MP: 3/3
   255 | D:1      | Reached skill level 3 in Ranged Weapons
   551 | D:1      | Reached XP level 3. HP: 21/21 MP: 4/4
   586 | D:1      | 586 ||| UPGRADING to +0 leather armour.
   596 | D:1      | 596 ||| DROPPING +0 robe.
   597 | D:1      | 597 ||| READING scroll labelled NOQETUROOX.
   598 | D:1      | 598 ||| READING scroll labelled JET SA UTY.
   599 | D:1      | 599 ||| READING scroll labelled QOATE NUKOG.
   600 | D:1      | 600 ||| READING scroll labelled BUSEPR NIUW.
   601 | D:1      | 601 ||| READING scroll labelled WAROJE TOUT IME.
   602 | D:1      | 602 ||| READING scroll labelled CUCOJI GAURETI.
   603 | D:1      | 603 ||| DROPPING scroll of poison.
   631 | D:2      | Noticed Robin
   636 | D:2      | 636 ||| STAIRDANCE
   643 | D:1      | HP: 5/21 [frilled lizard (2)]
   715 | D:2      | 715 ||| STAIRDANCE
   719 | D:1      | HP: 4/21 [goblin/+0 club[Robin] (4)]
   721 | D:1      | HP: 1/21 [goblin/+0 dagger[Robin] (3)]
   721 | D:1      | Slain by a goblin

Levels and vault maps discovered:
D:1:      enne_arrival_octagon_isle, layout_loops_ring, st_stairs_8
D:2:      layout_loops_cross, serial_park_tiny_pond, uniq_robin,
          uniq_crazy_yiuf_cottage

Skill      XL: |  1  2 |
---------------+-------+-----
Ranged Weapons | 3 |  3.2
Fighting       | 2 |  2.0
Dodging        | |  1.5
Spellcasting   | |  1.0
Hexes          | |  2.6

Action                     || total
---------------------------++-------
   Fire: Sling             ||    77
    Use: Scroll            ||     6
 Armour: Robe              ||     7
         Leather armour    ||    34
  Dodge: Dodged            ||    44

Table legend:
 A = Non-vault XP
 B = Vault XP
 C = Vault XP percentage of total XP
 D = Non-vault monster count
 E = Vault monster count
 F = Vault count percentage of total count
                 A         B        C        D         E       F
            +---------+---------+-------+---------+---------+-------
      Total |      32 |      14 |  30.4 |      19 |       8 |  29.6
            +---------+---------+-------+---------+---------+-------
        D:1 |      32 |      12 |  27.3 |      19 |       7 |  26.9
        D:2 |       0 |       2 | 100.0 |       0 |       1 | 100.0
            +---------+---------+-------+---------+---------+-------
